AoeStats
← El Gran Guarén

Arabia

510219538Analyzed
1v1 RM · 2d ago on Sep 30, 2026· 24m 49s· 2 players
Game mode
Random Map
Map size
Tiny (2 player)
Population
200
Speed
Normal
Resources
Standard
Victory
Conquest
Starting age
Dark Age
Ending age
Imperial Age
RankedLock teamsTeams togetherTeam positionsShared explorationLock speedFull tech treeHidden civsTurbo modeCheats
Victory
Defeat
🇦🇷 Bengalis · Argentina
575
+17
🇨🇱 Persians · Chile
607
-17
F22Beta
12:10 Feudal Age
13:17 Loom
17:19 Castle Age
19:30 Horse Collar
20:22 Double-Bit Axe
El Gran Guarén
12:09 Feudal Age
12:41 Horse Collar
13:55 Double-Bit Axe
15:09 Man-at-Arms
18:47 Loom
18:58 Gold Mining
20:26 Stone Mining
22:26 Wheelbarrow
22:03 Town Watch
26:25 Castle Age
Connection lost

Rejoining the realm…

Still unreachable

The connection could not be restored.

Session expired

The server has moved on; the page needs a fresh start.